 Dungeon Crawl Stone Soup version 0.30.1-5-ged363bc7ee (webtiles) character file.

Game seed: 16410039136535868266

435 Cheops the Caller (level 7, -5/46 HPs)
             Began as a Merfolk Summoner on Sept 19, 2023.
             Slain by Ijyb
             ... wielding a +0 club
              (7 damage)
             ... on level 4 of the Dungeon on Sept 20, 2023.
             The game lasted 00:16:05 (3171 turns).

Cheops the Caller (Merfolk Summoner)                Turns: 3171, Time: 00:16:06

Health: -5/46      AC:  3    Str:  8    XL:     7   Next: 0%
Magic:  5/10       EV:  9    Int: 17    God:
Gold:   178        SH:  0    Dex: 14    Spells: 4/10 levels left

rFire   + . .        a - +0 trident
rCold   . . .        (no shield)
rNeg    . . .        i - +0 robe
rPois   .            n - +0 helmet
rElec   .            (no cloak)
rCorr   .            (no gloves)
SInv    .            (no boots)
Will    .....        (no amulet)
Stlth   ++           h - ring of protection from fire
HPRegen 0.27/turn    (no ring)
MPRegen 0.12/turn

%: no passive effects
@: grasped by roots, constricted
A: (nimble swimmer 2), mertail
a: no special abilities


You were on level 4 of the Dungeon.
You visited 1 branch of the dungeon, and saw 4 of its levels.

You collected 178 gold pieces.

Inventory:

Hand Weapons
 a - a +0 trident (weapon)
 b - the +5 rapier of the Muttering Gods {speed, rElec}
   (You found it on level 2 of the Dungeon)

   rElec:     It insulates you from electricity.
Armour
 i - a +0 robe (worn)
 n - a +0 helmet (worn)
Magical Staves
 f - a staff of death
Jewellery
 h - a ring of protection from fire (left hand)
Scrolls
 e - a scroll of vulnerability
 j - a scroll of poison {unknown}
Potions
 c - a potion of cancellation
 d - 5 potions of curing
 g - a potion of resistance
 k - a potion of lignification
 l - a potion of magic
 o - a potion of brilliance {unknown}


   Skills:
 + Level 5.1 Polearms
 - Level 2.6 Dodging
 - Level 2.1 Stealth
 - Level 2.0 Spellcasting
 - Level 7.0 Summonings


You had 4 spell levels left.
You knew the following spells:

 Your Spells              Type           Power      Damage    Failure   Level
C - Call Canine Familiar  Summ           25%        N/A       3%          3
I - Call Imp              Summ           50%        N/A       1%          2
M - Summon Small Mammal   Summ           100%       N/A       1%          1

Your spell library contained the following spells:

 Spells                   Type           Power      Damage    Failure   Level
 Summon Guardian Golem    Hex/Summ       13%        N/A       14%         3
 Summon Lightning Spire   Summ/Air       13%        N/A       41%         4


Dungeon Overview and Level Annotations

Branches:
Dungeon (4/15)
 Temple: D:4-7

Altars:
Dithmenos

Shops:
D:1 :

Annotations:
D:4 Ijyb


Innate Abilities, Weirdness & Mutations

((You are very nimble when in or above water. (Stealth+, EV+, Speed+++)))
Your lower body shifts to a powerful aquatic tail in water.


Message History

Ijyb is moderately wounded.
Ijyb hits you with a +0 club.
* * * LOW HITPOINT WARNING * * *
The grasping roots constrict you.
* * * LOW HITPOINT WARNING * * *
Casting: Call Canine Familiar (dangerous; 3% risk of failure)
Confirm with . or Enter, or press ? or * to list all spells.
Ijyb hits you with a +0 club.
* * * LOW HITPOINT WARNING * * *
The grasping roots constrict you.
* * * LOW HITPOINT WARNING * * *
The grasping roots release their grip on you.
You hit Ijyb but do no damage.
Ijyb is moderately wounded.
You hear the brisk rusting of a very distant drain.
Your hound bites Ijyb but does no damage.
Ijyb misses you.
You barely miss Ijyb.
Ijyb is moderately wounded.
Your hound bites Ijyb.
Your hound closely misses Ijyb.
Ijyb zaps a wand.
The roots erupt in riotous growth!
The grasping roots grab you!
Ijyb is unaffected.
Roots grab your hound.
The grasping roots constrict your hound.
The grasping roots constrict you.
* * * LOW HITPOINT WARNING * * *
You hit Ijyb.
Ijyb is heavily wounded.
Your hound bites Ijyb.
Ijyb hits you with a +0 club.
* * * LOW HITPOINT WARNING * * *
The grasping roots constrict your hound.
The grasping roots constrict you.
* * * LOW HITPOINT WARNING * * *
You hit Ijyb.
Ijyb is severely wounded.
Your hound closely misses Ijyb.
Ijyb screams, "Level is mine!
All mine!"
Ijyb hits you with a +0 club!
You die...

#... #) #.# #.#) ...
#>†. ..# #.). #.#
#...#.# # ##### #.#
##.### #.#...## #.#
#.# # #....h.## #.#
#.# #
#$..g@).####.####.# #
#..............##.###)
#.......####.#.##....#
#......####....#...##.
#.#................###
#.##.######...........
# #. ##.#####.### ..
...# #.# # # ##### #.#
#


You could see Ijyb (ally target) and a friendly hound (summoned, rooted).

Vanquished Creatures
  A jelly (D:4)
  An orc priest (D:4)
  Natasha (thrice) (D:2)
  Robin (D:2)
  An adder (D:2)
  A gnoll (D:1)
  A white imp (D:4)
  An orc (D:4)
  4 ball pythons
  An endoplasm (D:2)
  A giant cockroach (D:4)
  7 goblins
  2 hobgoblins
  2 bats (D:2)
  4 kobolds
  A rat (D:1)
32 creatures vanquished.

Vanquished Creatures (collateral kills)
  Sigmund (D:2)
  An orc priest (D:4)
  An adder (D:2)
  A dart slug (D:1)
  An orc (D:4)
  2 bats (D:2)
  3 endoplasms
  2 giant cockroaches (D:4)
  6 goblins
  6 hobgoblins
  A kobold (D:1)
  3 quokkas
  A frilled lizard (D:1)
29 creatures vanquished.

Grand Total: 61 creatures vanquished

Notes
Turn   | Place    | Note
-------+----------+-------------------------------------------
     0 | D:1      | Cheops the Merfolk Summoner began the quest for the Orb.
     0 | D:1      | Reached XP level 1. HP: 13/13 MP: 3/3
   432 | D:1      | Found Wunkelum's Book Emporium.
   444 | D:1      | Reached XP level 2. HP: 19/19 MP: 0/5
   784 | D:1      | Reached XP level 3. HP: 24/24 MP: 3/6
   787 | D:1      | Learned a level 2 spell: Call Imp
   791 | D:1      | Learned a level 3 spell: Call Canine Familiar
  1316 | D:1      | Reached skill level 5 in Summonings
  1516 | D:2      | HP: 1/24 [quokka (2)]
  1692 | D:2      | Noticed Sigmund
  1737 | D:2      | Reached skill level 1 in Polearms
  1742 | D:2      | Identified the +5 rapier of the Muttering Gods {speed,
                  | rElec}
  2114 | D:2      | Noticed Robin
  2150 | D:2      | Killed Robin
  2151 | D:2      | Reached XP level 4. HP: 15/30 MP: 3/7
  2319 | D:2      | Killed Sigmund
  2320 | D:2      | Reached skill level 6 in Summonings
  2320 | D:2      | Reached XP level 5. HP: 35/35 MP: 6/8
  2320 | D:2      | Reached XP level 6. HP: 41/41 MP: 6/9
  2471 | D:2      | Noticed Natasha
  2481 | D:2      | Killed Natasha
  2697 | D:2      | Found a shadowy altar of Dithmenos.
  2752 | D:2      | Noticed Natasha
  2757 | D:2      | Killed Natasha
  2796 | D:2      | Noticed Natasha
  2803 | D:2      | Killed Natasha
  2918 | D:3      | You fall into a shaft and drop 1 floor!
  2929 | D:4      | Identified a scroll of acquirement
  2929 | D:4      | Acquired a staff of death
  2976 | D:4      | Reached skill level 7 in Summonings
  3002 | D:4      | Reached skill level 5 in Polearms
  3138 | D:4      | Reached XP level 7. HP: 33/46 MP: 10/10
  3156 | D:4      | Noticed Ijyb
  3170 | D:4      | HP: 1/46 [constriction (6)]
  3171 | D:4      | Slain by Ijyb

Illustrated notes

Levels and vault maps discovered:
D:1:      erik_arrival_cave_to_civilisation [erik_arrival_cave_to_hall],
          layout_basic, serial_shops, nicolae_shop_waterfront, serial_forest,
          infiniplex_forest_lined_3_way, infiniplex_forest_straight_4,
          infiniplex_forest_clump_curved, infiniplex_forest_clump_diagonal,
          infiniplex_forest_lined_room_3, infiniplex_forest_lined_room_2,
          infiniplex_forest_straight_5
D:2:      layout_basic, basic_altar, serial_forest, infiniplex_forest_corner_1,
          infiniplex_forest_zigzag_1, infiniplex_forest_corner_2,
          infiniplex_forest_lined_room_, uniq_sigmund, uniq_robin, uniq_natasha
D:3:      layout_rooms, serial_shops, shop, uniq_terence
D:4:      layout_loops_ring, nemelex_xobeh_ov_fountains_minmay, serial_shops,
          shop, cheibrodos_sewer_entry_bend, uniq_ijyb

Skill      XL: |  1  2  3  4  5  6 |
---------------+-------------------+-----
Summonings     | 5 6 7 |  7.0
Polearms       | 1 3 5 |  5.1
Dodging        | |  2.6
Stealth        | |  2.1
Spellcasting   | |  2.0

Action                     |  1- 3 |  4- 6 |  7- 9 || total
---------------------------+-------+-------+-------++-------
  Melee: Unarmed           |    63 |       |       ||    63
         Trident           |    25 |    90 |    11 ||   126
         Punch             |     1 |     3 |       ||     4
   Cast: Summon Small Mamm |    18 |       |       ||    18
         Call Canine Famil |    10 |     5 |     2 ||    17
         Call Imp          |       |     1 |       ||     1
    Use: Scroll            |       |     7 |       ||     7
         Potion            |       |     1 |       ||     1
   Stab: Sleeping          |     3 |       |       ||     3
         Distracted        |     1 |     2 |       ||     3
 Armour: Robe              |     9 |    16 |       ||    25
  Dodge: Dodged            |    58 |    50 |     5 ||   113
